 Dungeon Crawl Stone Soup version 0.29.0-5-ge4962eb29e (webtiles) character file.

Game seed: 9574359037713176367

490 ImASeal the Trooper (level 6, -2/67 HPs)
             Began as a Troll Berserker on Aug 28, 2022.
             Was a Priest of Trog.
             Slain by a bullfrog (8 damage)
             ... in a sewer.
             The game lasted 00:14:42 (3012 turns).

ImASeal the Trooper (Troll Berserker)               Turns: 3012, Time: 00:14:42

Health: -2/67      AC:  4    Str: 28    XL:     6   Next: 90%
Magic:  5/5        EV: 10    Int:  3    God:    Trog [***...]
Gold:   141        SH:  0    Dex:  9    Spells: 5/5 levels left

rFire   + . .      SeeInvis .   a - +0 mace
rCold   . . .      Faith    .   (no shield)
rNeg    . . .      Spirit   .   b - +0 animal skin
rPois   .          Reflect  .   (helmet restricted)
rElec   .          Harm     .   (no cloak)
rCorr   .          Rampage  .   (gloves unavailable)
Will    .....                   (boots unavailable)
Stlth   +.........              (no amulet)
HPRegen 1.01/turn               f - ring of protection from fire
MPRegen 0.09/turn               (no ring)

@: very slow
A: large, unfitting armour, claws 3, regeneration 1, shaggy fur 1, tough skin 1
a: Renounce Religion, Berserk, Trog's Hand


You were in a sewer.
You worshipped Trog.
Trog was most pleased with you.
You visited 1 branch of the dungeon, and saw 4 of its levels.
You also visited: Sewer.

You collected 141 gold pieces.

Inventory:

Hand Weapons
 a - a +0 mace (weapon)
Armour
 b - a +0 animal skin (worn)
Jewellery
 f - a ring of protection from fire (left claw)
 l - a ring of fire
Wands
 i - a wand of iceblast (4)
 o - a wand of polymorph (11)
Scrolls
 c - 2 scrolls of identify
 e - a scroll of teleportation
 g - a scroll of blinking {unknown}
 h - a scroll of noise {unknown}
 k - a scroll of poison {unknown}
 n - 3 scrolls of magic mapping {unknown}
Potions
 d - a potion of brilliance
 j - a potion of heal wounds
 m - a potion of lignification {unknown}


   Skills:
 + Level 6.0 Fighting
 - Level 2.9 Maces & Flails
 - Level 2.5 Dodging
 - Level 1.2 Stealth


You had 5 spell levels left.
You didn't know any spells.
Your spell library was empty.

Dungeon Overview and Level Annotations

Branches:
Dungeon (4/15)              Sewer (1/1)
 Temple: D:4-7

Altars:
The Shining One


Innate Abilities, Weirdness & Mutations

You are too large for most types of armour.
You have claws for hands.
Your natural rate of healing is unusually fast.
You are covered in fur. (AC +1)
You have tough skin. (AC +1)


Message History

You sock the bullfrog!
You kill the bullfrog!
Trog accepts your kill. The bullfrog hits you. x2
Your Fighting skill increases to level 6!
You hit the bullfrog.
The bullfrog is lightly wounded.
The bullfrog hits you.
You miss the bullfrog.
The bullfrog is lightly wounded.
The bullfrog hits you. x2
You hit the bullfrog but do no damage.
The bullfrog is lightly wounded.
The bullfrog hits you. x2
* * * LOW HITPOINT WARNING * * *
You barely miss the bullfrog.
The bullfrog is lightly wounded.
The bullfrog barely misses you. The bullfrog misses you.
You closely miss the bullfrog.
The bullfrog hits you but does no damage.
The bullfrog hits you.
* * * LOW HITPOINT WARNING * * *
You closely miss the bullfrog. The bullfrog closely misses you.
The bullfrog barely misses you.
You closely miss the bullfrog. The bullfrog hits you.
* * * LOW HITPOINT WARNING * * *
The bullfrog barely misses you.
You sock the bullfrog!
The bullfrog is moderately wounded.
The bullfrog hits you.
* * * LOW HITPOINT WARNING * * *
The bullfrog hits you.
* * * LOW HITPOINT WARNING * * *
You enter the shallow water.
Moving in this stuff is going to be slow.
The bullfrog closely misses you. The bullfrog attacks as you move away!
The bullfrog hits you.
* * * LOW HITPOINT WARNING * * *
The bullfrog hits you!
You die...

#†# #≈≈≈≈≈≈≈≈≈~≈.~≈~.#
#.# #.#
##≈≈≈≈~≈≈≈≈≈≈.~≈~÷# #.#
#.# #≈≈≈≈~~.≈≈≈≈≈.~≈~.#
#∩# #.#
#≈≈≈≈~.(~≈≈≈≈~~≈~.# #.#
#.# #≈≈≈≈.$/?~≈≈≈~~≈~.#
#∩# #.#
#≈≈≈≈≈|[.~≈≈≈≈~≈~.# #.#
#.# #≈≈≈≈≈~.~.~≈≈~≈≈~.#
### #.#
#≈≈≈≈..~~~.≈~≈~≈÷÷# #.#
##≈≈~.~.F@~≈~≈~≈~.# #~#
#≈~∩.~.≈~~≈≈~≈≈~.# #~#
#≈≈~~.≈≈~≈≈≈~≈≈~.# #~#
##≈~≈≈≈~≈≈≈≈~≈≈~.# #~#
#≈≈≈≈~≈≈≈≈≈~~≈~.# #~#
##≈≈~≈≈≈≈≈≈.~≈~.#
#~########≈≈†≈~~~~.~≈~.#
#~.~~.~≈≈≈≈≈†~~~..~~≈~.#
#~~†≈~≈≈≈≈≈~~~~~~~~≈≈~÷#


You could see a bullfrog.

Vanquished Creatures
  Sigmund (D:3)
  A bullfrog (Sewer)
  An orc priest (D:4)
  An orc wizard (D:4)
  10 adders
  An ufetubus (D:4)
  3 worms (D:4)
  A dart slug (D:4)
  4 orcs
  6 bats
  8 endoplasms
  10 giant cockroaches
  3 goblins
  4 hobgoblins
  4 jackals (D:1)
  4 kobolds
  5 quokkas
  9 ball pythons
  20 frilled lizards
  6 rats
102 creatures vanquished.

Notes
Turn   | Place    | Note
-------+----------+-------------------------------------------
     0 | D:1      | ImASeal the Troll Berserker began the quest for the Orb.
     0 | D:1      | Reached XP level 1. HP: 22/22 MP: 0/0
    83 | D:1      | Reached XP level 2. HP: 29/29 MP: 1/1
   440 | D:1      | Reached skill level 3 in Fighting
   628 | D:1      | Reached ** piety under Trog
   633 | D:1      | Reached XP level 3. HP: 33/37 MP: 2/2
   674 | D:1      | Found a faded altar of an unknown god.
   968 | D:2      | Identified the +3 dagger of Righteous Anger {drain, rElec
                  | rCorr Dex+5}
  1018 | D:2      | Found a glowing golden altar of the Shining One.
  1169 | D:2      | Reached XP level 4. HP: 26/48 MP: 3/3
  1644 | D:3      | Noticed Sigmund
  1659 | D:3      | Killed Sigmund
  1660 | D:3      | Reached skill level 5 in Fighting
  1660 | D:3      | Reached skill level 1 in Stealth
  1660 | D:3      | Reached XP level 5. HP: 57/57 MP: 4/4
  1869 | D:3      | Reached XP level 6. HP: 26/66 MP: 5/5
  2720 | D:4      | Found a glowing drain.
  2744 | Sewer    | Entered a sewer
  2846 | Sewer    | Reached *** piety under Trog
  3003 | Sewer    | Reached skill level 6 in Fighting
  3012 | Sewer    | Slain by a bullfrog

Illustrated notes

Levels and vault maps discovered:
D:1:      matt_arrival_diagonals, layout_loops_corners,
          shapermc_ecumenical_altar_mp_highgroup, st_stairs_7,
          minmay_three_crescents
D:2:      layout_loops_ring, basic_altar, chequers_serial_rivers_large_a
D:3:      layout_loops_ring, uniq_sigmund
D:4:      layout_loops_corners, cheibrodos_sewer_entry_bend,
          kennysheep_generic_room_12, uniq_crazy_yiuf_cottage
Sewer:    sewer_frog_island_01

Skill      XL: |  1  2  3  4  5  6 |
---------------+-------------------+-----
Fighting       | 3 5 6 |  6.0
Stealth        | 1 |  1.2
Maces & Flails | |  2.9
Dodging        | |  2.5

Action                   |  1- 3 |  4- 6 || total
-------------------------+-------+-------++-------
Melee: Mace              |   130 |   238 ||   368
       Punch             |       |     4 ||     4
Invok: Berserk           |       |     2 ||     2
  Use: Scroll            |       |     5 ||     5
       Potion            |       |     2 ||     2
 Stab: Sleeping          |     1 |     1 ||     2
Armor: Animal skin       |    82 |   116 ||   198
Dodge: Dodged            |   126 |   179 ||   305
